 Dungeon Crawl Stone Soup version 0.18-a0-1140-g8540535 (webtiles) character file.

561 Reinor the Covert (level 7, -1/46 HPs)
             Began as an Octopode Monk on Jan 21, 2016.
             Slain by a gnoll
             ... wielding a +0 spear
              (3 damage)
             ... on level 4 of the Dungeon.
             The game lasted 00:11:08 (3473 turns).

Reinor the Covert (Octopode Monk)                   Turns: 3473, Time: 00:11:09

Health: -1/46      AC:  1    Str: 10    XL:     7   Next: 31%
Magic:  7/7        EV: 15    Int: 12    God:
Gold:   191        SH:  0    Dex: 17    Spells: 0 memorised, 6 levels left

rFire  + + .     SeeInvis .       - Unarmed
rCold  x . .     Gourm    .     (no shield)
rNeg   + . .     Faith    .     (helmet restricted)
rPois  .         Spirit   .     (no amulet)
rElec  .         Dismiss  .     f - ring of protection from fire
rCorr  .         Reflect  .     h - ring of stealth
SustAt .         Harm     .     l - ring of positive energy
MR     .....                    m - ring of fire
Stlth  ++++++....               (no ring)
                                (no ring)
                                (no ring)
                                (no ring)

@: not resistant to hostile enchantments, very stealthy
A: almost no armour, amphibious, 8 rings, constrict 8, camouflage 1, gelatinous
body 1
a: no special abilities


You were on level 4 of the Dungeon.
You were not hungry.

You visited 2 branches of the dungeon, and saw 5 of its levels.

You collected 191 gold pieces.

Inventory:

Jewellery
 f - a ring of protection from fire (left tentacle)
 h - a ring of stealth (right tentacle)
 l - a ring of positive energy (on tentacle)
 m - a ring of fire (on tentacle)
Scrolls
 e - a scroll of enchant armour
 k - a scroll of fear
Potions
 b - 2 potions of lignification
 d - a potion of cure mutation {unknown}
 g - 2 potions of flight {unknown}
Books
 n - a book of the Dragon

   Spells                             Type                      Level
   a - Flame Tongue                   Conjuration/Fire             1
   b - Cause Fear                     Hexes                        4
   c - Bolt of Fire                   Conjuration/Fire             6
   d - Dragon Form                    Transmutation                7
   e - Dragon's Call                  Summoning                    9
Comestibles
 a - 6 bread rations
 c - 2 meat rations
 i - a chunk of flesh
 j - a beef jerky


   Skills:
 - Level 3.0 Fighting
 + Level 4.8 Dodging
 - Level 8.2 Stealth
 - Level 5.4 Unarmed Combat


You had 6 spell levels left.
You didn't know any spells.

Dungeon Overview and Level Annotations

Branches:
Dungeon (4/15)             Temple (1/1) D:4

Altars:
Ashenzari
Kikubaaqudgha
Nemelex Xobeh
Qazlal
Ru
Sif Muna
Trog
Xom
Yredelemnul
Zin
The Shining One


Innate Abilities, Weirdness & Mutations

You cannot wear most types of armour.
You are amphibious.
You can wear up to eight rings at the same time.
You can use your tentacles to constrict eight enemies at once.
Your skin changes colour to match your surroundings (Stealth).
Your rubbery body absorbs attacks (AC +1).


Message History

You constrict the orc. The orc misses you.
The gnoll hits you from afar with a spear!
You tentacle-slap the orc.
You kill the orc!
The gnoll completely misses you.
Unknown command.
The gnoll closely misses you. The gnoll hits you with a spear!
Items here: )) [[ a dagger; a robe; a hand axe; a scale mail You closely miss the gnoll.
The gnoll shouts!
Your grab misses the gnoll. The gnoll hits you.
* * * LOW HITPOINT WARNING * * *
The gnoll hits you with a spear!
* * * LOW HITPOINT WARNING * * *
You bludgeon the gnoll! You grab the gnoll.
The gnoll is heavily wounded.
You constrict the gnoll. The gnoll barely misses you.
The gnoll hits you with a spear.
You die...

+#######+
#...#...#
#...#...#
#.......
###._)###
#..g@...###
#....(#
#..g#.).#.##
#.....+
#g..#...#..#
.....#
.'#######'..#
....# #..
#.#.....#
#...# ##
#.#.##..#
#...#
#.#.....#
####...#
#.#####.#
...o...#
#.......#


You could see 3 gnolls.

Vanquished Creatures
  Sigmund (D:4)
  Eustachio (D:4)
  A scorpion (D:3)
  2 orc wizards (D:4)
  Ijyb (D:2)
  An iguana (D:4)
  5 adders
  An ooze (D:3)
  3 worms
  2 giant geckos (D:2)
  6 orcs
  A ball python (D:1)
  3 bats
  2 giant cockroaches (D:2)
  10 goblins
  9 hobgoblins
  7 kobolds
  2 quokkas
  2 giant newts (D:2)
  9 rats
69 creatures vanquished.

Notes
Turn   | Place    | Note
--------------------------------------------------------------
     0 | D:1      | Reinor the Octopode Monk began the quest for the Orb.
     0 | D:1      | Reached XP level 1. HP: 16/16 MP: 1/1
   218 | D:1      | Reached XP level 2. HP: 14/21 MP: 2/2
   879 | D:2      | Reached XP level 3. HP: 16/26 MP: 3/3
  1095 | D:2      | Found a faded altar to an unknown god.
  1107 | D:2      | Noticed Ijyb
  1120 | D:2      | Killed Ijyb
  1120 | D:2      | Reached skill level 5 in Unarmed Combat
  1292 | D:2      | Reached XP level 4. HP: 31/31 MP: 4/4
  1297 | D:2      | Found an ancient bone altar of Kikubaaqudgha.
  1715 | D:3      | Reached skill level 5 in Stealth
  1715 | D:3      | Reached XP level 5. HP: 24/36 MP: 5/5
  2309 | D:3      | Reached skill level 6 in Stealth
  2410 | D:4      | Noticed Sigmund
  2420 | D:4      | Killed Sigmund
  2420 | D:4      | Reached skill level 7 in Stealth
  2420 | D:4      | Reached XP level 6. HP: 24/42 MP: 6/6
  2425 | D:4      | Reached skill level 8 in Stealth
  2596 | D:4      | Found a staircase to the Ecumenical Temple.
  2598 | D:4      | Noticed Eustachio
  2628 | D:4      | Killed Eustachio
  2628 | D:4      | Reached XP level 7. HP: 28/46 MP: 7/7
  2965 | Temple   | Entered the Ecumenical Temple
  3319 | D:4      | Found a basalt altar of Yredelemnul.
  3453 | D:4      | Found a sacrificial altar of Ru.
  3472 | D:4      | HP: 2/46 [gnoll/spear (8)]
  3473 | D:4      | Slain by a gnoll

Vault maps used:
D:1:      eino_arrival_cavern_b, minmay_misc_feat_rugged
D:2:      kiku_gazebo_garden_becter, first_bread, ecumenical_altar_2, uniq_iyjb
D:4:      kennysheep_ying_yang, nicolae_ru_great_annihilating_truth,
          temple_statues, serial_shops, kennysheep_little_box, uniq_sigmund,
          uniq_edmund, uniq_eustachio
Temple:   hc_temple_tempest_star

Action                   |  1- 3 |  4- 6 |  7- 9 || total
-------------------------+-------+-------+-------++-------
Melee: Unarmed           |    54 |    84 |    31 ||   169
  Use: Scroll            |     3 |     6 |       ||     9
       Potion            |       |     1 |       ||     1
 Stab: Sleeping          |     6 |    15 |     2 ||    23
       Distracted        |     1 |       |       ||     1
       Invisible         |       |       |     1 ||     1
  Eat: Chunk             |     1 |     4 |     3 ||     8
